 Dungeon Crawl Stone Soup version 0.19-a0-1167-g79b6552 (webtiles) character file.

16354 KnobCreek the Severer (level 12, 0/91 HPs)
             Began as a Minotaur Gladiator on Aug 14, 2016.
             Was a Believer of Qazlal.
             Succumbed to a black mamba's poison
             ... on level 1 of the Lair of Beasts.
             The game lasted 00:36:52 (13466 turns).

KnobCreek the Severer (Minotaur Gladiator)         Turns: 13466, Time: 00:36:52

Health: 0/91       AC: 21    Str: 22    XL:     12   Next: 9%
Magic:  14/14      EV:  8    Int: 11    God:    Qazlal [**....]
Gold:   723        SH:  3    Dex: 10    Spells: 0 memorised, 11 levels left

rFire  . . .     SeeInvis +     L - +2 battleaxe (curse)
rCold  . . .     Gourm    .     H - +0 plate armour
rNeg   . . .     Faith    +     (shield currently unavailable)
rPois  .         Spirit   .     R - +2 hat
rElec  .         Dismiss  .     Q - +0 cloak "Udagh" {MR++} (curse)
rCorr  .         Reflect  .     (no gloves)
MR     ++...     Harm     .     V - +1 pair of boots
Stlth  ..........               B - amulet of faith
                                U - +2 ring of intelligence
                                S - ring of see invisible

@: lethally poisoned (0 -> -56)
A: retaliatory headbutt, horns 2
a: Upheaval, Renounce Religion


You were on level 1 of the Lair of Beasts.
You worshipped Qazlal.
Qazlal was pleased with you.
You were hungry.

You visited 3 branches of the dungeon, and saw 13 of its levels.

You collected 788 gold pieces.
You spent 65 gold pieces at shops.

Inventory:

Hand Weapons
 a - a +1 war axe
 t - a cursed +1 dire flail
 D - a cursed -3 war axe
 E - a +2 great sword of slicing
 L - a cursed +2 battleaxe (weapon)
 M - a +0 halberd of chopping
 P - a +0 blowgun
Missiles
 b - 14 poisoned needles
 e - 371 stones
 i - 4 silver javelins
 A - 16 tomahawks
 I - 4 needles of confusion
 Z - 5 javelins (quivered)
Armour
 H - a +0 plate armour (worn)
 Q - the cursed +0 cloak "Udagh" (worn) {MR++}
   (You found it on level 8 of the Dungeon)

   It affects your resistance to hostile enchantments.
   It has a curse placed upon it.
 R - a +2 hat (worn)
 V - a +1 pair of boots (worn)
Jewellery
 d - an uncursed amulet of regeneration
 r - an uncursed amulet of magic regeneration
 y - an uncursed amulet of rage
 z - an uncursed ring of wizardry
 B - an amulet of faith (around neck)
 S - a ring of see invisible (left hand)
 U - a +2 ring of intelligence (right hand)
Wands
 m - a wand of disintegration (12/24)
 x - a wand of disintegration (10/24)
 C - a wand of disintegration (24/24)
Scrolls
 c - a scroll of amnesia
 g - 2 scrolls of magic mapping
 p - a scroll of teleportation
 G - 3 scrolls of enchant weapon
Potions
 h - 4 potions of flight
 j - a potion of cancellation {unknown}
 k - 2 potions of resistance
 n - 3 potions of lignification
 o - a potion of brilliance
 q - 2 potions of haste
 K - 3 potions of might
 N - 2 potions of degeneration {unknown}
 O - a potion of magic {unknown}
Books
 F - a book of Air

   Spells                             Type                      Level
   a - Shock                          Conjuration/Air              1
   b - Swiftness                      Charms/Air                   2
   c - Repel Missiles                 Charms/Air                   2
   d - Static Discharge               Conjuration/Air              3
   e - Lightning Bolt                 Conjuration/Air              5
 J - a book of Debilitation

   Spells                             Type                      Level
   a - Corona                         Hexes                        1
   b - Slow                           Hexes                        2
   c - Gell's Gravitas                Hexes/Translocation          3
   d - Inner Flame                    Hexes/Fire                   3
   e - Cause Fear                     Hexes                        4
   f - Leda's Liquefaction            Hexes/Earth                  4
Comestibles
 f - 12 bread rations
 l - 2 royal jellies
 u - 2 slices of pizza
 v - a beef jerky
 w - 4 fruits
 W - 2 meat rations


   Skills:
 - Level 4.1 Fighting
 + Level 18.4 Axes
 - Level 2.0 Throwing
 - Level 11.5 Armour
 - Level 3.2 Dodging
 - Level 4.0 Invocations


You had 11 spell levels left.
You didn't know any spells.

Dungeon Overview and Level Annotations

Branches:
Dungeon (11/15)            Temple (1/1) D:5            Lair (1/6) D:8
    Orc (0/2) D:9

Altars:
Ashenzari
Cheibriados
Dithmenos
Elyvilon
Fedhas
Gozag
Hepliaklqana
Kikubaaqudgha
Makhleb
Nemelex Xobeh
Okawaru
Pakellas
Qazlal
Ru
Sif Muna
Trog
Uskayaw
Vehumet
Xom
Yredelemnul
Zin
The Shining One
Beogh

Shops:
D:5 !   D:11 *

Annotations:
Lair:1 Prince Ribbit


Innate Abilities, Weirdness & Mutations

You reflexively headbutt those who attack you in melee.
You have a pair of horns on your head.


Message History

The black mamba is severely wounded.
You completely miss the black mamba.
* * * LOW HITPOINT WARNING * * *
You feel sick. The black mamba closely misses you. The black mamba bites you.
* * * LOW HITPOINT WARNING * * *
You are more poisoned.
The black mamba poisons you!
The black mamba bites you but does no damage.
The black mamba bites you.
* * * LOW HITPOINT WARNING * * *
You are more poisoned.
The black mamba poisons you!
Okay, then.
You are too injured to fight recklessly!
Unknown command.
You hit the black mamba.
The black mamba is almost dead.
You slash the black mamba!
Your surroundings suddenly seem different.
You die...

#...#.........###.......
#...####......###.......
#....####.......##......
#.....###........###....
#......##.........###...
#.........#........###..
#........##.........##..
#..................####.
##.....@...##.....#...##
##.........###.......##
###....#...###........
#...##....##........
##..###....##.......
#####......##......
#.......#......
#..............
#..............


There were no monsters in sight!

Vanquished Creatures
  Gastronok (D:8)
  Urug (D:11)
  An unseen horror (D:11)
  A hill giant (D:11)
  2 ugly things (D:11)
  2 black mambas (Lair:1)
  4 spiny frogs
  A rime drake (Lair:1)
  A troll (D:8)
  4 blink frogs
  A spriggan (D:9)
  Sigmund (D:3)
  18 yaks
  3 hungry ghosts
  6 water moccasins
  3 porcupines (Lair:1)
  2 black bears (D:9)
  An ice beast (D:5)
  3 orc warriors
  A wasp (D:9)
  2 sky beasts
  7 ogres
  A wolf (D:8)
  5 centaurs
  5 crocodiles
  A big kobold (D:11)
  4 giant frogs
  3 scorpions
  A wyvern skeleton (D:10)
  4 killer bees (D:7)
  5 wights (D:7)
  A howler monkey (D:5)
  3 electric eels (D:8)
  A centaur zombie (D:7)
  3 crimson imps
  12 hounds
  3 quasits
  2 giant frog zombies
  2 jellies
  7 orc priests
  4 giant frog skeletons
  13 orc wizards
  A centaur skeleton (D:7)
  6 iguanas
  3 worker ants
  3 hound skeletons
  9 gnolls
  16 adders
  A shadow imp (D:7)
  An ooze (D:5)
  An adder zombie (D:5)
  3 worms
  2 giant geckos
  51 orcs
  5 giant cockroaches
  A goblin (D:3)
  8 hobgoblins
  8 jackals
  3 quokkas
  2 ball pythons (D:5)
  12 bats
  3 giant newts
  14 kobolds
  A rat (D:3)
300 creatures vanquished.

Vanquished Creatures (others)
  A plant (D:1)
1 creature vanquished.

Grand Total: 301 creatures vanquished

Notes
Turn   | Place    | Note
-------+----------+-------------------------------------------
     0 | D:1      | KnobCreek the Minotaur Gladiator began the quest for the Orb.
     0 | D:1      | Reached XP level 1. HP: 18/18 MP: 0/0
   190 | D:1      | Reached skill level 1 in Armour
   495 | D:1      | Reached XP level 2. HP: 20/25 MP: 1/1
   803 | D:1      | Reached skill level 4 in Axes
  1049 | D:1      | Reached XP level 3. HP: 16/30 MP: 2/2
  1344 | D:2      | Found a sparkling altar of Nemelex Xobeh.
  1532 | D:2      | Reached XP level 4. HP: 27/37 MP: 3/3
  1684 | D:2      | Reached skill level 5 in Axes
  2215 | D:3      | Reached XP level 5. HP: 36/42 MP: 4/4
  2467 | D:3      | Found a white marble altar of Elyvilon.
  2513 | D:3      | Noticed Sigmund
  2523 | D:3      | Killed Sigmund
  2523 | D:3      | Reached skill level 6 in Axes
  2523 | D:3      | Reached skill level 5 in Armour
  2523 | D:3      | Reached XP level 6. HP: 44/50 MP: 5/5
  3148 | D:3      | Found a burning altar of Makhleb.
  3338 | D:4      | Reached skill level 7 in Axes
  3547 | D:3      | Reached XP level 7. HP: 16/56 MP: 6/6
  4625 | D:4      | Found a snail-covered altar of Cheibriados.
  5021 | D:5      | Entered Level 5 of the Dungeon
  5035 | D:5      | Reached skill level 8 in Axes
  5052 | D:5      | Found Jeanorhu's Distillery.
  5066 | D:5      | Bought a potion of heal wounds for 65 gold pieces
  5141 | D:5      | Reached XP level 8. HP: 60/62 MP: 7/7
  5485 | D:5      | Found a staircase to the Ecumenical Temple.
  5504 | Temple   | Entered the Ecumenical Temple
  5687 | D:5      | Reached skill level 9 in Axes
  6306 | D:6      | Found a shadowy altar of Dithmenos.
  6365 | D:6      | Found an oddly glowing altar of Pakellas.
  6416 | D:6      | Reached skill level 10 in Armour
  6782 | D:6      | Found a hide-covered altar of Uskayaw.
  6885 | D:6      | Reached skill level 10 in Axes
  6885 | D:6      | Reached XP level 9. HP: 41/70 MP: 8/8
  7618 | D:6      | Found a hazy altar of Hepliaklqana.
  8002 | D:7      | Reached skill level 11 in Axes
  8423 | D:8      | Found a glowing silver altar of Zin.
  8423 | D:8      | Noticed an angel
  8470 | D:8      | Noticed a troll
  8494 | D:8      | Reached skill level 12 in Axes
  8500 | D:8      | Killed a troll
  8568 | D:8      | Found a shimmering altar of Xom.
  8625 | D:8      | Got a faintly humming cloak
  8667 | D:8      | Noticed Gastronok
  8678 | D:8      | Killed Gastronok
  8678 | D:8      | Reached skill level 13 in Axes
  8678 | D:8      | Reached XP level 10. HP: 44/78 MP: 9/9
  8999 | D:8      | You fall through a shaft for 2 floors!
  8999 | D:10     | Entered Level 10 of the Dungeon
  9012 | D:10     | Reached skill level 14 in Axes
  9170 | D:9      | Reached skill level 15 in Axes
  9314 | D:9      | Found a shimmering altar of Xom.
  9320 | D:9      | Got a crystal war axe
  9433 | D:9      | Identified the cursed +0 cloak "Udagh" {MR++} (You found it on level 8 of the Dungeon)
  9463 | D:9      | Found a staircase to the Orcish Mines.
  9476 | D:9      | Found a stormy altar of Qazlal.
  9505 | D:9      | Became a worshipper of Qazlal Stormbringer
  9589 | D:9      | Found a roughly hewn altar of Beogh.
  9664 | D:9      | Reached XP level 11. HP: 77/84 MP: 10/10
  9696 | D:9      | Found a shattered altar of Ashenzari.
  9701 | D:9      | Found a blossoming altar of Fedhas.
  9704 | D:9      | Found a basalt altar of Yredelemnul.
 10208 | D:10     | Reached * piety under Qazlal
 10210 | D:10     | Reached skill level 1 in Invocations
 10288 | D:11     | Found Cuphefuab's Changing Room.
 10288 | D:11     | Noticed Urug
 10292 | D:11     | Noticed an unseen horror
 10307 | D:11     | Killed Urug
 10307 | D:11     | Reached skill level 16 in Axes
 10308 | D:11     | Killed an unseen horror
 10726 | D:11     | Noticed a brown ugly thing
 10743 | D:11     | Killed a brown ugly thing
 11071 | D:11     | Identified the cursed +0 war axe of Folakk {distort, *Noise MR+ Str+4 Dex+2} (You found it on level 9 of the Dungeon)
 11182 | D:11     | Reached ** piety under Qazlal
 11404 | D:11     | Noticed a hill giant
 11413 | D:11     | Killed a hill giant
 11413 | D:11     | Reached skill level 17 in Axes
 11446 | D:11     | Noticed a white ugly thing
 11456 | D:11     | Killed a white ugly thing
 11591 | D:8      | Found a staircase to the Lair.
 11927 | Lair:1   | Entered Level 1 of the Lair of Beasts
 11952 | Lair:1   | Noticed Prince Ribbit
 12905 | D:8      | Reached skill level 18 in Axes
 13195 | Lair:1   | Reached XP level 12. HP: 81/91 MP: 14/14
 13465 | Lair:1   | HP: 4/91 [black mamba (3)]
 13466 | Lair:1   | Succumbed to a black mamba's poison

Vault maps used:
D:1:      dpeg_arrival_connections, lexackson_kobold_supper
D:2:      nemelex_xobeh_ov_fountains_minmay
D:3:      lemuel_crystal_altar, nrook_loot_triangle,
          makhleb_blood_cavern_becter, uniq_sigmund
D:4:      cheibriados_altar_wand_db, first_bread
D:5:      minmay_diamond_boxcup, serial_shops, shop_coins, st_stairs_12
D:6:      lemuel_coloured_pillars_altar, old_standard_altar,
          kennysheep_mini_moat, basic_altar
D:8:      grunt_temple_overflow_order_and_chaos_1, erik_lair_island,
          uniq_gastronok
D:9:      minmay_overflow_temple_star_quad, overflow_temple_1_default,
          minmay_orc_entry_temple_small, basic_altar, the_bakery
D:11:     nicolae_transmutations_shop, uniq_urug, uniq_psyche
Temple:   dpeg_three_leaves_temple
Lair:1:   minmay_guarded_unrand_snakebite, grunt_forest_large_clearings,
          serial_bayou_shore_a, serial_bayou_shore_b, uniq_prince_ribbit2

Skill      XL: |  1  2  3  4  5  6  7  8  9 10 11 |
---------------+----------------------------------+-----
Armour         | 1 2 3 5 6 8 10 11 | 11.5
Axes           | 4 5 6 7 8 10 13 15 18 | 18.4
Fighting       | 3 4 |  4.1
Invocations    | 4 |  4.0
Throwing       | |  2.0
Dodging        | |  3.2

Action                   |  1- 3 |  4- 6 |  7- 9 | 10-12 || total
-------------------------+-------+-------+-------+-------++-------
Melee: War axe           |    67 |   105 |   298 |       ||   470
       Headbutt          |     5 |    16 |    69 |    56 ||   146
       Battleaxe         |       |       |    78 |   376 ||   454
Throw: Throwing net      |     1 |       |     4 |       ||     5
       Stone             |       |       |     4 |       ||     4
       Tomahawk          |       |       |     3 |       ||     3
       Javelin           |       |       |       |     5 ||     5
Invok: Upheaval          |       |       |       |     1 ||     1
  Use: Scroll            |     1 |     8 |     4 |    13 ||    26
       Potion            |       |       |       |     5 ||     5
  Eat: Chunk             |     2 |     6 |    18 |    17 ||    43
       Fruit             |       |       |     2 |     1 ||     3
       Meat ration       |       |       |     1 |       ||     1
       Beef jerky        |       |       |     1 |       ||     1
Armor: Leather armour    |    22 |       |       |       ||    22
       Scale mail        |       |    27 |    23 |       ||    50
       Chain mail        |       |       |   102 |       ||   102
       Ring mail         |       |       |   103 |    97 ||   200
       Plate armour      |       |       |       |   115 ||   115
Dodge: Dodged            |    59 |    77 |   175 |   194 ||   505
Block: Other             |       |       |       |    18 ||    18
